 Dungeon Crawl Stone Soup version 0.31-a0-765-g67fe2935dc (webtiles) character file.

Game seed: 16110915633578799159

3383 thriggle the Chiller (level 10, 0/74 HPs)
             Began as a Barachi Ice Elementalist on Sept 15, 2023.
             Was an Elder of Fedhas.
             Slain by Pikel
             ... wielding a +2 whip of flaming
              (1 damage)
             ... on level 7 of the Dungeon.
             The game lasted 00:43:53 (6583 turns).

thriggle the Chiller (Barachi Ice Elementalist)     Turns: 6583, Time: 00:43:54

Health: 0/74       AC:  6    Str: 11    XL:     10   Next: 4%
Magic:  2/17       EV: 13    Int: 19    God:    Fedhas [****..]
Gold:   465        SH:  0    Dex: 12    Spells: 6/19 levels left

rFire   . . .        E - +1 trident (venom)
rCold   . . .        (no shield)
rNeg    . . .        a - +0 robe
rPois   +            f - +1 hat
rElec   .            (no cloak)
rCorr   .            z - +0 pair of gloves {Stlth+}
SInv    .            o - +1 pair of boots
Will    .....        m - amulet of the acrobat
Stlth   ++++         (no ring)
HPRegen 0.32/turn    (no ring)
MPRegen 0.15/turn

%: acrobat
@: confusing by touch, slow
A: amphibious, slowness 1, strong legs 1, +LOS, hooves 1, sense surroundings 1,
poison resistance, MP-powered wands
a: Hop, Renounce Religion, Wall of Briars, Grow Ballistomycete, Overgrow


You were on level 7 of the Dungeon.
You worshipped Fedhas.
Fedhas was greatly pleased with you.
You visited 1 branch of the dungeon, and saw 7 of its levels.
You also visited: Ossuary.

You collected 465 gold pieces.

Inventory:

Hand Weapons
 c - a +0 spear
 e - a +2 dagger of protection
 r - a +3 spear of venom
 t - a +0 halberd
 v - a +2 spear of freezing
 w - a +3 heavy dire flail
 B - a +0 trident
 E - a +1 trident of venom (weapon)
Missiles
 k - 23 stones
 x - a throwing net
Armour
 a - a +0 robe (worn)
 f - a +1 hat (worn)
 o - a +1 pair of boots (worn)
 z - a +0 pair of gloves of stealth (worn)
 G - the +1 ring mail of the Big Bang {rPois rC- rN+}
   (You found it on level 7 of the Dungeon)

   rC-:       It makes you vulnerable to cold.
   rPois:     It protects you from poison rN+: It protects you from negative
   energy.
Magical Staves
 n - a staff of earth
Jewellery
 m - an amulet of the acrobat (around neck)
Wands
 p - a wand of polymorph (15)
 u - a wand of roots (29)
Scrolls
 j - 3 scrolls of amnesia
 l - 3 scrolls of immolation
 y - 3 scrolls of identify
 A - a scroll of fear
 D - a scroll of fog
Potions
 b - 2 potions of magic
 g - 2 potions of enlightenment
 h - 5 potions of curing
 i - 2 potions of haste
 q - a potion of lignification
 s - 3 potions of attraction
 C - 2 potions of berserk rage
 F - a potion of resistance {unknown}


   Skills:
 + Level 5.2 Fighting
 - Level 3.0(3.4) Short Blades
 + Level 2.7(3.5) Long Blades
 + Level 2.0(2.4) Maces & Flails
 + Level 2.2(2.5) Polearms
 - Level 2.0(3.0) Staves
 + Level 3.1 Throwing
 + Level 5.2 Dodging
 + Level 4.7 Stealth
 + Level 5.0 Spellcasting
 - Level 4.0 Hexes
 + Level 2.8 Translocations
 + Level 7.1 Ice Magic
 + Level 3.6 Invocations
 + Level 2.6 Evocations


You had 6 spell levels left.
You knew the following spells:

 Your Spells              Type           Power      Damage    Failure   Level
a - Freeze                Ice            100%       1d10      1%          1
b - Frozen Ramparts       Ice            62%        1d10      1%          3
c - Ozocubu's Armour      Ice            31%        N/A       1%          3
d - Confusing Touch       Hex            20%        N/A       7%          3
e - Gell's Gravitas       Tloc           15%        N/A       12%         3

Your spell library contained the following spells:

 Spells                   Type           Power      Damage    Failure   Level
 Lesser Beckoning         Tloc           30%        N/A       6%          2
 Kiss of Death            Conj/Necr      16%        2d6       12%         1
 Teleport Other           Tloc           15%        N/A       12%         3
 Summon Ice Beast         Ice/Summ       18%        N/A       28%         4
 Dispel Undead            Necr           4%         3d7       77%         4
 Simulacrum               Ice/Necr       9%         N/A       99%         6
 Ozocubu's Refrigeration  Ice            15%        4d10      99%         7
 Polar Vortex             Ice            15%        12d2*     100%        9


Dungeon Overview and Level Annotations

Branches:
Dungeon (7/15)             Temple (0/1) D:7         Ossuary (visited)

Altars:
Elyvilon
Fedhas
Hepliaklqana
Trog
Uskayaw
Wu Jian

Shops:
D:4 :   D:5 :

Annotations:
D:3 1 runed translucent door, tinescath's ghost, amateur MfSh
D:7 Menkaure; Pikel


Innate Abilities, Weirdness & Mutations

You are amphibious.
You cover ground slowly.
You can hop short distances.
You have an extended range of vision and can be seen from far away.
You have large cloven feet.
You passively map a small area around you.
Your system is resistant to poisons. (rPois)
You expend magic power (3 MP) to strengthen your wands.


Message History

You don't have enough magic to cast this spell.
You hit Pikel but do no damage.
Pikel is severely wounded.
Menkaure resists.
The wall freezes Menkaure.
The wall freezes the lemure.
You kill the lemure!
That felt strangely unrewarding.
The wall freezes Pikel but does no damage.
Pikel hits you with a +2 whip of flaming.
* * * LOW HITPOINT WARNING * * *
Pikel burns you.
* * * LOW HITPOINT WARNING * * *
You hit Pikel but do no damage.
Pikel is severely wounded.
The wall freezes the lemure but does no damage.
The wall freezes Pikel but does no damage.
Pikel waves his whip at you. Pikel barely misses you.
Menkaure mumbles something.
You barely miss Pikel.
Pikel is severely wounded.
The wall freezes the lemure.
The wall freezes Pikel but does no damage.
Pikel closely misses you.
Menkaure barely misses the lemure.
Menkaure barely misses himself.
Unknown command.
You closely miss Pikel.
Pikel is severely wounded.
The frozen ramparts melt away.
Pikel closely misses you.
You hit Pikel but do no damage.
Pikel is severely wounded.
Menkaure looks very confused.
Menkaure hits the lemure!
Pikel completely misses you.
Menkaure hits the lemure!
Pikel says, "It's all about the gold, really."
Pikel hits you with a +2 whip of flaming!
* * * LOW HITPOINT WARNING * * *
Pikel burns you.
You die...
Pikel says, "See you in Hell!"
Fedhas appreciates your contribution to the ecosystem.

##### * #...######
#.#......#
######.######.### ,
#.........~~#...#
*#........~~~###.# * ,
#.)_♣†..~~~~# #@#
#.......~~~~#*#K# *
#........~~~#..5..55K5#
#)........~~##M.###.#.#
#..........~##..#* *
##.###########...
#.#....## #.## , *
##.......## .. ,
##.........# #. , , * *


You could see Pikel, a lemure and Menkaure (fast, confused).

Vanquished Creatures
  A two-headed ogre (D:7)
  Prince Ribbit (D:5)
  Sigmund (D:2)
  A shadow (D:6)
  A wyvern (D:5)
  A steam dragon (D:7)
  Edmund (D:4)
  2 water moccasins (D:5)
  2 black bears
  3 ogres
  A centaur (D:6)
  A phantom (D:7)
  2 lemures (D:7)
  A bullfrog (D:6)
  2 gnoll sergeants
  2 scorpions (D:6)
  A howler monkey (D:6)
  A hound (D:6)
  A gnoll bouda (D:7)
  Ijyb (D:4)
  Terence (D:2)
  4 iguanas
  4 orc wizards
  8 mummies (Ossuary)
  20 gnolls
  5 adders
  An ufetubus (D:6)
  A worm (D:2)
  4 dart slugs
  16 orcs
  5 bats
  9 endoplasms
  2 giant cockroaches (D:3)
  6 hobgoblins
  15 jackals
  6 kobolds
  4 quokkas
  4 ball pythons
  2 frilled lizards
  14 goblins
  3 hobgoblin zombies (Ossuary)
  5 orc zombies (Ossuary)
  6 rats
172 creatures vanquished.

Notes
Turn   | Place    | Note
-------+----------+-------------------------------------------
     0 | D:1      | thriggle the Barachi Ice Elementalist began the quest for
                  | the Orb.
     0 | D:1      | Reached XP level 1. HP: 13/13 MP: 3/3
   272 | D:1      | Reached XP level 2. HP: 20/20 MP: 3/5
   408 | D:1      | Reached skill level 5 in Ice Magic
   457 | D:1      | Reached skill level 1 in Short Blades
   554 | D:1      | Reached skill level 1 in Fighting
   554 | D:1      | Reached XP level 3. HP: 21/26 MP: 3/6
   558 | D:1      | Learned a level 3 spell: Frozen Ramparts
   623 | D:1      | Found a faded altar of an unknown god.
   627 | D:1      | Prayed at the altar of an unknown god.
   627 | D:1      | Became a worshipper of Fedhas Madash
   627 | D:1      | Reached * piety under Fedhas
   787 | D:2      | Noticed Terence
   859 | D:2      | Noticed Sigmund
   897 | D:2      | Killed Terence
   898 | D:2      | Reached XP level 4. HP: 26/32 MP: 2/7
   902 | D:2      | Learned a level 3 spell: Ozocubu's Armour
  1357 | D:2      | Killed Sigmund
  1358 | D:2      | Reached skill level 1 in Invocations
  1358 | D:2      | Reached XP level 5. HP: 38/38 MP: 4/9
  1358 | D:2      | Reached XP level 6. HP: 44/44 MP: 4/10
  1516 | D:3      | Found a hide-covered altar of Uskayaw.
  1537 | D:3      | Reached ** piety under Fedhas
  1554 | D:3      | Found a runed translucent door.
  1555 | D:3      | Noticed tinescath's ghost (amateur MfSh)
  2046 | D:3      | Found a white marble altar of Elyvilon.
  2053 | D:3      | Found a hazy altar of Hepliaklqana.
  2234 | D:3      | Found a bloodstained altar of Trog.
  2544 | D:4      | Found Ykaubeeco's Tremendous Tomes.
  2639 | D:4      | Noticed Ijyb
  2659 | D:4      | Killed Ijyb
  2660 | D:4      | Reached *** piety under Fedhas
  2690 | D:4      | Noticed Edmund
  2691 | D:4      | Reached skill level 1 in Hexes
  2692 | D:4      | HP: 2/46 [Edmund/+3 heavy dire flail (17)]
  2740 | D:4      | Found a sand-covered staircase.
  2747 | D:4      | Reached XP level 7. HP: 12/51 MP: 5/12
  2774 | Ossuary  | Entered an ossuary
  2937 | Ossuary  | Learned a level 3 spell: Confusing Touch
  3584 | Ossuary  | Gained mutation: You expend magic power (3 MP) to
                  | strengthen your wands. [potion of mutation]
  3584 | Ossuary  | Gained mutation: You passively map a small area around you.
                  | [potion of mutation]
  3584 | Ossuary  | Gained mutation: You have large cloven feet. [potion of
                  | mutation]
  3584 | Ossuary  | Gained mutation: Your system is resistant to poisons.
                  | (rPois) [potion of mutation]
  3641 | D:4      | Reached skill level 1 in Polearms
  3757 | D:4      | Reached skill level 6 in Ice Magic
  3770 | D:4      | Reached **** piety under Fedhas
  3944 | D:4      | Killed Edmund
  3945 | D:4      | Reached XP level 8. HP: 17/58 MP: 2/13
  4260 | D:5      | Entered Level 5 of the Dungeon
  4381 | D:5      | Noticed Prince Ribbit
  4492 | D:5      | Found Hituic's Book Emporium.
  4492 | D:5      | Noticed a wyvern
  4525 | D:5      | Killed a wyvern
  4526 | D:5      | Reached skill level 1 in Staves
  4526 | D:5      | Reached skill level 1 in Throwing
  4937 | D:5      | Killed Prince Ribbit
  4938 | D:5      | Reached skill level 1 in Translocations
  4938 | D:5      | Reached skill level 1 in Evocations
  5307 | D:6      | Reached XP level 9. HP: 49/66 MP: 15/15
  5413 | D:6      | Reached skill level 1 in Long Blades
  5626 | D:6      | Learned a level 3 spell: Gell's Gravitas
  5817 | D:6      | Reached skill level 1 in Maces & Flails
  5969 | D:6      | Found a faded altar of an unknown god.
  5969 | D:6      | Found the Hermit's Pendant {Faith Invo=14 Evo=0 MP+5}
  5970 | D:6      | Noticed a gargoyle
  6293 | D:7      | Found a staircase to the Ecumenical Temple.
  6300 | D:7      | Identified the +1 ring mail of the Big Bang {rPois rC- rN+}
  6387 | D:7      | Reached skill level 5 in Dodging
  6394 | D:7      | Found an ornate altar of the Wu Jian Council.
  6396 | D:7      | Noticed a two-headed ogre
  6407 | D:7      | Killed a two-headed ogre
  6408 | D:7      | Reached skill level 5 in Fighting
  6408 | D:7      | Reached skill level 7 in Ice Magic
  6436 | D:7      | Reached XP level 10. HP: 36/74 MP: 10/17
  6563 | D:7      | Noticed Pikel
  6565 | D:7      | Noticed Menkaure
  6573 | D:7      | Reached skill level 5 in Spellcasting
  6583 | D:7      | HP: 1/74 [Pikel/+2 whip of flaming (7)]
  6583 | D:7      | Slain by Pikel

Illustrated notes

Levels and vault maps discovered:
D:1:      spicycebolla_green_bress_n_ham, layout_basic,
          hellmonk_ecumenical_altar_heavens_door
D:2:      layout_rooms, due_unseen_surprise, uniq_sigmund, uniq_terence
D:3:      layout_basic, nicolae_overflow_hidden_temple,
          chequers_temple_overflow_statue_of_worship, lemuel_doored_altar,
          ebering_ghost_inner_flame, serial_bayou_crossing
D:4:      layout_gridville, nicolae_ossuary_entry_ruins,
          nicolae_shop_i_like_big_books, lightli_minifort, uniq_ijyb,
          uniq_edmund
D:5:      layout_gridville, serial_shops, shop, minmay_misc_feat_roman,
          uniq_prince_ribbit1
D:6:      layout_rooms, chequers_serial_rivers_room_a, dreamdust_wishing_well,
          minmay_misc_feat_nine_boxes, hellmonk_guarded_unrand_hermit
D:7:      layout_loops_corners, nzn_wu_jian_contemplation,
          kiku_gazebo_pond_becter, amcnicky_altar_gilded,
          minmay_temple_entry_tees, roderic_roman_lattice,
          nicolae_grassy_gnolls, uniq_maggie, uniq_pikel,
          uniq_crazy_yiuf_cottage, uniq_menkaure

Skill      XL: |  1  2  3  4  5  6  7  8  9 10 |
---------------+-------------------------------+-----
Stealth        | 2 3 4 |  4.7
Ice Magic      | 5 6 7 |  7.1
Short Blades   | 1 2 3 |  3.0
Fighting       | 1 2 3 4 5 |  5.2
Dodging        | 3 4 5 |  5.2
Spellcasting   | 3 4 5 |  5.0
Invocations    | 1 2 3 |  3.6
Hexes          | 1 2 3 4 |  4.0
Polearms       | 1 2 |  2.2
Staves         | 2 |  2.0
Throwing       | 2 3 |  3.1
Translocations | 1 2 |  2.8
Evocations     | 1 2 |  2.6
Long Blades    | 2 |  2.7
Maces & Flails | 1 2 |  2.0

Action                     |  1- 3 |  4- 6 |  7- 9 | 10-12 || total
---------------------------+-------+-------+-------+-------++-------
  Melee: Dagger            |    50 |    67 |    20 |       ||   137
         Spear             |       |    14 |   223 |       ||   237
         Punch             |       |       |     7 |       ||     7
         Trident           |       |       |    33 |    12 ||    45
         Dire flail        |       |       |     8 |       ||     8
  Throw: Stone             |     3 |     1 |    39 |       ||    43
         Throwing net      |       |       |     1 |       ||     1
   Cast: Freeze            |    26 |     7 |    10 |       ||    43
         Frozen Ramparts   |     1 |    18 |    26 |     2 ||    47
         Ozocubu's Armour  |       |     2 |    35 |     1 ||    38
         Confusing Touch   |       |       |     2 |     2 ||     4
         Gell's Gravitas   |       |       |       |     1 ||     1
 Invoke: Wall of Briars    |       |     1 |       |       ||     1
Ability: Hop               |       |     1 |       |       ||     1
    Use: Scroll            |       |     4 |     7 |       ||    11
         Potion            |       |     4 |     4 |     1 ||     9
   Stab: Sleeping          |     1 |     5 |     3 |       ||     9
         Distracted        |       |     1 |       |       ||     1
         Invisible         |       |       |     2 |       ||     2
 Armour: Robe              |    44 |    56 |   141 |    14 ||   255
         Skin              |       |     1 |       |       ||     1
  Dodge: Dodged            |    27 |    91 |   158 |    13 ||   289

Table legend: (Time is in decaauts)
 A = Elapsed time spent in this place.
 B = Non-inter-level travel time spent in this place.
 C = Inter-level travel time spent in this place.
 D = Time resting spent in this place.
 E = Time spent auto-exploring this place.
 F = Levels seen in this place.
 G = Mean time per level.
                   A        B        C        D        E       F      G
               +--------+--------+--------+--------+--------+-----+--------+
         Total |   7303 |   7080 |    223 |    695 |   3475 |   8 |  912.9 |
       Dungeon |   6448 |   6225 |    223 |    327 |   3417 |   7 |  921.1 |
       Ossuary |    854 |    854 |      0 |    368 |     57 |   1 |  854.0 |
               +--------+--------+--------+--------+--------+-----+--------+

Top non-repeatable levels by time:
     D:3: 1189 daAuts
     D:5: 1141 daAuts
     D:4: 1007 daAuts
     D:1: 948 daAuts
     D:6: 861 daAuts
 Ossuary: 854 daAuts
     D:2: 730 daAuts
     D:7: 570 daAuts
